 Dungeon Crawl Stone Soup version 0.31-a0-331-geda263fcf1 (webtiles) character file.

Game seed: 13896946833202411214

160866 Shard1697 the Black Belt (level 17, -1/145 HPs)
             Began as a Pale Draconian Venom Mage on July 19, 2023.
             Was an Initiate of Gozag.
             Killed from afar by a nagaraja (17 damage)
             ... with a poison arrow
             ... on level 4 of the Snake Pit.
             The game lasted 01:17:56 (37492 turns).

Shard1697 the Black Belt (DrVM)                    Turns: 37492, Time: 01:17:57

Health: -1/145     AC: 14    Str: 17    XL:     17   Next: 19%
Magic:  12/26      EV: 14    Int: 23    God:    Gozag
Gold:   3035       SH: 21    Dex: 18    Spells: 2/28 levels left

rFire   + +          .
                       - Unarmed
rCold   + . .        r - +5 Storm Queen's Shield {shock, Fly rElec}
rNeg    . . .        (body armour unavailable)
rPois   +            M - +2 hat of Fedhas's Hope {rPois Dex+3 Stlth-}
rElec   +            U - +0 cloak {rC+}
rCorr   +            L - +0 pair of gloves
SInv    +            c - +0 pair of boots
Will    ++...        H - amulet of Wu Jian's Fury {Reflect Int+2 SH+5 SInv Stlth+}
Stlth   +++          h - ring of fire
HPRegen 0.44/turn    G - ring "Folah" {Will+ Str+5 Dex+2 Slay+3}
MPRegen 0.20/turn

%: reflection
@: mighty, lethally poisoned (-1 -> -8), resistant, gold aura, flying, hasted,
constricted, very quick
A: breathe steam, AC +9, unfitting armour, cold-blooded, steam resistance
a: Breathe Steam, Renounce Religion, Potion Petition, Call Merchant, Bribe
Branch


You were on level 4 of the Snake Pit.
You worshipped Gozag.
Gozag was most pleased with you.
You visited 5 branches of the dungeon, and saw 27 of its levels.
You also visited: Ice Cave.

You collected 9121 gold pieces.
You spent 3820 gold pieces at shops.
You paid 2266 gold pieces to Gozag.

Inventory:

Armour
 c - a +0 pair of boots (worn)
 r - the +5 Storm Queen's Shield (worn) {shock, Fly rElec}
   (You found it on level 14 of the Dungeon)

   Shock:     When it blocks an attack, it may electrocute the attacker.
   This works even against foes who are a short distance away.
   rElec:     It insulates you from electricity.
   Fly:       It grants you flight.
 B - a +1 kite shield of fire resistance
 L - a +0 pair of gloves (worn)
 M - the +2 hat of Fedhas's Hope (worn) {rPois Dex+3 Stlth-}
   (You acquired it on level 14 of the Dungeon)

   Dex:       It affects your dexterity (+3).
   rPois:     It protects you from poison.
   Stlth:     It makes you less stealthy.
 P - a +2 cloak of preservation
 T - +4 ice dragon scales
 U - a +0 cloak of cold resistance (worn)
Jewellery
 b - a ring of see invisible
 h - a ring of fire (left hand)
 G - the ring "Folah" (right hand) {Will+ Str+5 Dex+2 Slay+3}
   (You acquired it on level 1 of the Snake Pit)

   [ring of willpower]

   Str:       It affects your strength (+5).
   Dex:       It affects your dexterity (+2).
   Slay:      It affects your accuracy & damage with ranged weapons and melee
   (+3).
   Will:      It increases your willpower.
 H - the amulet of Wu Jian's Fury (around neck) {Reflect Int+2 SH+5 SInv Stlth+}
   (You bought it in a shop on level 3 of the Snake Pit)

   [amulet of reflection]

   It reflects blocked missile attacks.
   Int:       It affects your intelligence (+2).
   SInv:      It lets you see invisible.
   SH:        It affects your SH (+5).
   Stlth:     It makes you more stealthy.
 I - a ring of ice
 K - a ring of wizardry
 N - a ring of resist corrosion
 R - a +4 ring of protection
Talismans
 y - a granite talisman
Wands
 i - a wand of iceblast (12)
 o - a wand of paralysis (8)
 s - a wand of flame (28)
 w - a wand of mindburst (9)
 E - a wand of polymorph (20)
 F - a wand of light (8)
Scrolls
 f - 2 scrolls of fog
 j - 5 scrolls of identify
 q - 3 scrolls of poison
 C - 2 scrolls of vulnerability
 D - 3 scrolls of revelation
 Q - 2 scrolls of teleportation
Potions
 a - a potion of magic
 d - 3 potions of might
 e - 3 potions of curing
 k - 7 potions of haste
 l - 4 potions of attraction
 m - 2 potions of resistance
 n - a potion of mutation
 p - a potion of invisibility
 u - 4 potions of enlightenment
 z - a potion of cancellation
Miscellaneous
 t - a phantom mirror (inert)
 v - a lightning rod (4/4)
 A - a condenser vane
 J - a box of beasts
 O - a phial of floods


   Skills:
 - Level 11.6 Fighting
 - Level 10.4 Dodging
 - Level 3.1 Stealth
 - Level 6.6 Shields
 - Level 15.3 Unarmed Combat
 - Level 6.4 Spellcasting
 - Level 12.7 Necromancy
 - Level 3.6 Translocations
 - Level 4.0 Transmutations
 - Level 5.0 Air Magic
 - Level 8.1 Poison Magic
 - Level 2.5 Evocations
 + Level 12.3 Shapeshifting


You had 2 spell levels left.
You knew the following spells:

 Your Spells              Type           Power      Damage    Failure   Level
a - Alistair's Intoxicat  Tmut/Pois      23%        N/A       41%         5
b - Poisonous Vapours     Pois/Air       74%        N/A       1%          2
c - Mephitic Cloud        Conj/Pois/Air  27%        N/A       10%         3
d - Olgreb's Toxic Radia  Pois           44%        N/A       7%          4
f - Vhi's Electric Charg  Tloc/Air       54%        N/A       10%         3
g - Ignite Poison         Fire/Tmut/Pois 39%        N/A       12%         3
t - Death Channel         Necr           30%        N/A       16%         6

Your spell library contained the following spells:

 Spells                   Type           Power      Damage    Failure   Level
 Sting                    Tmut/Pois      100%       1d8       1%          1
 Cigotuvi's Dreadful Rot  Necr/Pois/Air  94%        N/A       1%          2
 Wereblood                Tmut           25%        N/A       6%          2
 Lesser Beckoning         Tloc           48%        N/A       7%          2
 Freeze                   Ice            28%        1d5       21%         1
 Summon Small Mammal      Summ           28%        N/A       21%         1
 Scorch                   Fire           22%        2d6       30%         2
 Dispel Undead            Necr           60%        3d21      1%          4
 Agony                    Necr           60%        N/A       3%          5
 Gell's Gravitas          Tloc           24%        N/A       13%         3
 Teleport Other           Tloc           24%        N/A       13%         3
 Airstrike                Air            15%        2d(3-19)  24%         4
 Volatile Blastmotes      Fire/Tloc      46%        2d13      28%         3
 Borgnjor's Vile Clutch   Necr/Erth      18%        N/A       38%         5
 Passage of Golubria      Tloc           24%        N/A       41%         4
 Call Canine Familiar     Summ           7%         N/A       52%         3
 Dazzling Flash           Conj/Hex       14%        N/A       52%         3
 Frozen Ramparts          Ice            14%        1d3       52%         3
 Hailstorm                Conj/Ice       7%         3d4       52%         3
 Summon Guardian Golem    Hex/Summ       7%         N/A       52%         3
 Tukima's Dance           Hex            7%         N/A       52%         3
 Petrify                  Tmut/Erth      16%        N/A       65%         4
 Flame Wave               Conj/Fire      11%        2d6       89%         4
 Sticky Flame             Conj/Fire      11%        2d3       89%         4
 Summon Ice Beast         Ice/Summ       7%         N/A       89%         4
 Arcjolt                  Conj/Air       9%         1d19      89%         5
 Silence                  Hex/Air        9%         N/A       89%         5
 Irradiate                Conj/Tmut      8%         3d14      94%         5
 Yara's Violent Unravell  Hex/Tmut       8%         3d5       94%         5
 Eringya's Noxious Bog    Tmut/Pois      17%        4d6       94%         6
 Metabolic Englaciation   Hex/Ice        3%         N/A       99%         5
 Summon Cactus Giant      Summ           3%         N/A       100%        6
 Haunt                    Necr/Summ      18%        N/A       100%        7
 Orb of Destruction       Conj           3%         9d5       100%        7
 Ozocubu's Refrigeration  Ice            3%         4d8       100%        7
 Spellforged Servitor     Conj/Summ      3%         N/A       100%        7
 Borgnjor's Revivificati  Necr           30%        N/A       100%        8
 Ignition                 Fire           5%         3d4       100%        8
 Death's Door             Necr           30%        N/A       100%        9
 Polar Vortex             Ice            3%         N/A       100%        9
 Simulacrum               Ice/Necr       Unusable   N/A       N/A         6

Dungeon Overview and Level Annotations

Branches:
Dungeon (15/15)            Temple (1/1) D:5            Lair (5/5) D:11
 Shoals (0/4) Lair:3        Snake (4/4) Lair:3        Slime (0/5) Lair:5
    Orc (2/2) D:9             Elf (0/3) Orc:2        Vaults (0/5) D:13
 Depths (0/4) D:15          IceCv (visited)

Altars:
Ashenzari
Cheibriados
Dithmenos
Elyvilon
Fedhas
Gozag
Hepliaklqana
Kikubaaqudgha
Makhleb
Nemelex Xobeh
Okawaru
Qazlal
Ru
Sif Muna
Trog
Uskayaw
Vehumet
Wu Jian
Xom
Yredelemnul
Zin
The Shining One
Lugonu

Shops:
D:2 !   D:9 *   Orc:2 :*[(   Snake:3 :==

Portals:
Abyss: Lair:5
Trove: D:14 (give +4 ice dragon scales)

Annotations:
D:13 3 runed translucent doors, Bimocov's ghost, journeyman DgFi; jejorda2's ghost, journeyman GnBe
Lair:3 exclusion: door


Innate Abilities, Weirdness & Mutations

You can breathe blasts of scalding, opaque steam.
Your pale cyan-grey scales are hard. (AC +9)
You cannot fit into any form of body armour.
You are cold-blooded and may be slowed by cold attacks.
You are immune to the effects of steam.


Message History

You are poisoned.
You block the guardian serpent's attack. x2
Your shield discharges, shocking the guardian serpent!
The nagaraja completely misses you. The nagaraja constricts you.
* * * LOW HITPOINT WARNING * * *
The nagaraja spits poison at you. The splash of poison hits you. You resist.
* * * LOW HITPOINT WARNING * * *
You block the naga warrior's attack.
You closely miss the naga ritualist.
The naga ritualist is heavily wounded.
You feel sick.
You block the guardian serpent's attack. x2
You block the naga ritualist's attack.
The nagaraja hits you with a +0 halberd!
* * * LOW HITPOINT WARNING * * *
You feel better.
You are poisoned.
The naga ritualist's toxic aura wanes.
The nagaraja hits you with a +1 heavy flail!
* * * LOW HITPOINT WARNING * * *
The nagaraja constricts you.
You block the guardian serpent's attack.
Your shield discharges, shocking the guardian serpent!
The guardian serpent hits you!
* * * LOW HITPOINT WARNING * * *
You block the naga warrior's attack.
The nagaraja points at you and mumbles some strange words.
You block poison arrow... and reflect it back!
The poison arrow hits the nagaraja!!
The nagaraja partially resists.
The nagaraja is poisoned.
You feel better.
You block the guardian serpent's attack.
Your shield discharges, shocking the guardian serpent!
The nagaraja casts a spell at you. The poison arrow hits you!
You are poisoned.
You partially resist.
You die...
Your body crumbles into a pile of gold.

)..##...........##......,,,,,,,,,
..##...........##.....**,,,,,,,,*
.##.......$...##...#*,,**,,,,,,**
##.##......).##...#*,,,,**,,..**,
###*#.....$.)#...##,,....##,.##,,
#....#.#.)..##........#*...,,
#....###.$..##........##...,,
#.$..# #.#.NN##......##§Z##,,
#####....# #.##N@S##....##....##,
#).......###..##SN.##..##.§N$..##
.)........###.)##.....##...NS...#
##........####..##.....$...NS....
.##........##$...##....$.........
..##..............##...##..§....#
...#...............##...##..§..##
...#...............###...##.§.##,
.###...............# ##...##.##,,


You could see 2 nagarajas, a naga warrior, a naga ritualist (strong) and 2
guardian serpents.

Vanquished Creatures
  Vashnia (Snake:4)
  Gastronok (Lair:1)
  3 azure jellies (IceCv)
  A rockslime (IceCv)
  A nagaraja (Snake:4)
  5 quicksilver oozes (IceCv)
  A dire elephant (Lair:3)
  Snorg (Orc:1)
  A vault guard (D:13)
  Harold (D:9)
  Erolcha (D:13)
  2 hydras
  A rakshasa (D:14)
  7 anacondas
  4 ogre magi (Orc:2)
  8 boulder beetles
  24 two-headed ogres
  A catoblepas (Lair:3)
  4 centaur warriors
  An alligator (Lair:2)
  7 death yaks
  A tengu warrior (D:14)
  9 shock serpents
  7 naga warriors
  3 thrashing horrors (Lair:5)
  2 naga sharpshooters (Snake:1)
  A storm dragon zombie (D:15)
  3 salamander mystics
  A fire crab (Lair:3)
  3 skeletal warriors
  2 skysharks
  A deep troll (D:14)
  A wizard (D:14)
  2 naga ritualists
  2 harpies (Lair:3)
  3 orange crystal statues (IceCv)
  4 deep elf pyromancers (D:14)
  2 deep elf zephyrmancers (D:14)
  4 ugly things
  7 salamanders
  3 oklob plants
  An orc sorcerer (Orc:1)
  3 manticores
  8 mana vipers
  4 cyclopes
  4 guardian serpents
  25 black mambas
  An eye of devastation (Lair:5)
  6 naga magi
  9 elephants
  4 smoke demons (Lair:5)
  15 cane toads
  3 rime drakes
  An unseen horror (D:13)
  5 komodo dragons
  A yaktaur (D:14)
  3 kobold demonologists (D:12)
  An efreet (D:13)
  4 freezing wraiths
  A hornet (Lair:3)
  7 polar bears
  A meliai (shapeshifter) (D:13)
  3 trolls
  2 tengu conjurers (D:14)
  26 blink frogs
  2 raiju (Lair:5)
  5 dream sheep (Lair:5)
  18 slime creatures
  2 vampires
  6 wyverns
  A centaur simulacrum (D:15)
  A ynoxinul (Lair:5)
  A shadow (D:9)
  4 wraiths
  53 yaks
  A basilisk (shapeshifter) (D:13)
  A large abomination (Lair:5)
  7 basilisks
  3 steam dragons
  3 chaos spawn (Lair:5)
  2 vampire mosquitoes (D:12)
  An acid dragon (D:9)
  11 nagas
  A floating eye (Lair:5)
  12 water moccasins
  3 ice beasts
  A black bear (D:6)
  4 great orb of eyes simulacra (IceCv)
  17 orc warriors
  28 ogres
  9 small abominations (Lair:5)
  15 wolves
  15 centaurs
  A phantom (D:5)
  2 slime creature simulacra (IceCv)
  6 kobold brigands
  10 bullfrogs
  Blork the orc (D:4)
  4 scorpions
  A gnoll sergeant (D:6)
  4 glowing shapeshifter simulacra (IceCv)
  20 killer bees
  5 electric eels
  2 howler monkeys
  3 vampire bats (D:6)
  7 jellies
  2 hounds
  10 orc priests
  Natasha (thrice) (D:4)
  A gnoll bouda (D:8)
  Terence (D:2)
  4 hell rats (Lair:3)
  An iguana (D:5)
  A sleepcap (D:4)
  14 orc wizards
  8 gnolls
  13 adders
  A white imp (D:7)
  3 ufetubi (D:6)
  2 worms
  83 orcs
  6 ball pythons
  4 bat skeletons (D:6)
  A bat zombie (D:6)
  20 endoplasms
  4 giant cockroaches
  5 goblins
  5 hobgoblins (D:1)
  6 jackals (D:5)
  27 kobolds
  5 quokkas
  4 bats
  A frilled lizard (D:1)
  A rat (D:2)
804 creatures vanquished.

Vanquished Creatures (collateral kills)
  A hydra (D:15)
  An anaconda (Snake:2)
  A naga warrior (Snake:3)
  A shock serpent (Snake:3)
  3 naga sharpshooters
  A salamander mystic (Snake:4)
  A naga ritualist (Snake:4)
  A mana viper (Snake:4)
  3 salamanders
  3 black mambas
  A naga mage (Snake:4)
  A guardian serpent (Snake:4)
  9 nagas
27 creatures vanquished.

Vanquished Creatures (others)
  A rime drake (Lair:3)
  A centaur (D:14)
2 creatures vanquished.

Grand Total: 833 creatures vanquished

Notes
Turn   | Place    | Note
-------+----------+-------------------------------------------
     0 | D:1      | Shard1697 the Draconian Venom Mage began the quest for the
                  | Orb.
     0 | D:1      | Reached XP level 1. HP: 14/14 MP: 3/3
   198 | D:1      | Reached XP level 2. HP: 20/20 MP: 0/5
   909 | D:2      | Reached XP level 3. HP: 26/26 MP: 4/7
   977 | D:2      | Noticed Terence
   991 | D:2      | Killed Terence
  1002 | D:2      | Learned a level 2 spell: Poisonous Vapours
  1083 | D:2      | Learned a level 3 spell: Mephitic Cloud
  1124 | D:2      | Reached XP level 4. HP: 33/33 MP: 5/8
  1569 | D:2      | Found Ucloolac's Distillery.
  1628 | D:2      | Reached skill level 1 in Air Magic
  2565 | D:4      | Noticed Natasha
  2572 | D:4      | Killed Natasha
  2573 | D:4      | Reached XP level 5. HP: 32/38 MP: 0/10
  3118 | D:4      | Noticed Natasha
  3125 | D:4      | Killed Natasha
  3126 | D:4      | Reached XP level 6. HP: 40/45 MP: 4/12
  3143 | D:4      | Learned a level 4 spell: Olgreb's Toxic Radiance
  3300 | D:4      | Noticed Natasha
  3306 | D:4      | Killed Natasha
  3307 | D:4      | Reached skill level 1 in Fighting
  3307 | D:4      | Reached skill level 5 in Poison Magic
  4037 | D:4      | Noticed Blork the orc
  4051 | D:4      | Killed Blork the orc
  4052 | D:4      | Your scales start taking on a pale cyan-grey colour.
  4052 | D:4      | Reached XP level 7. HP: 50/56 MP: 4/13
  4052 | D:4      | Gained mutation: You are immune to the effects of steam.
                  | [Pale Draconian growth]
  4407 | D:5      | Entered Level 5 of the Dungeon
  4691 | D:5      | Found a snail-covered altar of Cheibriados.
  4694 | D:5      | Found a glowing silver altar of Zin.
  4776 | D:5      | Reached skill level 1 in Shapeshifting
  5188 | D:5      | Found a staircase to the Ecumenical Temple.
  5288 | Temple   | Entered the Ecumenical Temple
  5299 | Temple   | Became a worshipper of Gozag Ym Sagoz the Greedy
  5786 | D:6      | Found an ancient bone altar of Kikubaaqudgha.
  5797 | D:6      | Reached XP level 8. HP: 50/62 MP: 10/14
  6248 | D:6      | Reached skill level 5 in Shapeshifting
  6704 | D:6      | Found a burning altar of Makhleb.
  6764 | D:6      | Reached XP level 9. HP: 65/68 MP: 3/15
  7327 | D:6      | Got the Spellbook of Electricity and the Traveller
  7332 | D:6      | Learned a level 3 spell: Vhi's Electric Charge
  8500 | D:8      | Found a stormy altar of Qazlal.
  8501 | D:8      | Found a shimmering blue altar of Sif Muna.
  8502 | D:8      | Found a white marble altar of Elyvilon.
  8502 | D:8      | Found an iron altar of Okawaru.
  8885 | D:8      | Reached skill level 1 in Unarmed Combat
  9081 | D:2      | Bought a potion of experience for 600 gold pieces
  9081 | D:2      | Reached skill level 10 in Unarmed Combat
  9081 | D:2      | Reached XP level 10. HP: 74/74 MP: 16/16
  9152 | D:2      | Bought a potion of haste for 120 gold pieces
  9152 | D:2      | Bought a potion of degeneration for 12 gold pieces
  9152 | D:2      | Bought a potion of heal wounds for 60 gold pieces
 10055 | D:9      | Found Esoricki's Assorted Antiques.
 10063 | D:9      | Bought a scroll of identify for 56 gold pieces
 10082 | D:9      | Noticed Harold
 10101 | D:9      | Killed Harold
 10117 | D:9      | Reached XP level 11. HP: 60/83 MP: 0/17
 10696 | D:9      | Reached skill level 11 in Unarmed Combat
 11007 | D:9      | Found a staircase to the Orcish Mines.
 11168 | D:9      | Reached skill level 5 in Fighting
 11378 | D:10     | Entered Level 10 of the Dungeon
 11874 | D:10     | Found a radiant altar of Vehumet.
 11952 | D:10     | Found a glowing golden altar of the Shining One.
 11954 | D:10     | Noticed an angel
 11959 | D:10     | Found a basalt altar of Yredelemnul.
 12061 | D:10     | Noticed a two-headed ogre
 12074 | D:10     | Killed a two-headed ogre
 12096 | D:10     | Noticed a two-headed ogre
 12115 | D:10     | Killed a two-headed ogre
 12332 | D:10     | Noticed a centaur warrior
 12351 | D:10     | Killed a centaur warrior
 12700 | D:11     | Reached skill level 5 in Dodging
 12995 | D:11     | Noticed a boulder beetle
 13004 | D:11     | Killed a boulder beetle
 13258 | D:11     | Found a staircase to the Lair.
 13258 | D:11     | Noticed an oklob plant
 13273 | D:11     | Killed an oklob plant
 13505 | Lair:1   | Entered Level 1 of the Lair of Beasts
 13527 | Lair:1   | Reached skill level 12 in Unarmed Combat
 13607 | Lair:1   | Reached XP level 12. HP: 100/100 MP: 6/18
 13804 | Lair:1   | Noticed Gastronok
 13830 | Lair:1   | Killed Gastronok
 14779 | Lair:2   | Reached skill level 13 in Unarmed Combat
 15653 | Lair:3   | Noticed a catoblepas
 15954 | Lair:3   | Killed a catoblepas
 16291 | Lair:3   | Identified the +6 dagger "Poat Fye" {heavy, Will- Int+3}
 16328 | Lair:3   | Found a staircase to the Snake Pit.
 16374 | Lair:3   | Reached XP level 13. HP: 113/113 MP: 19/19
 16404 | Lair:3   | Reached skill level 10 in Fighting
 16953 | Lair:3   | Found a staircase to the Shoals.
 17235 | Lair:3   | Noticed a dire elephant
 17749 | Lair:3   | Killed a dire elephant
 18010 | Lair:3   | Reached skill level 14 in Unarmed Combat
 18022 | Lair:3   | Learned a level 6 spell: Death Channel
 18180 | Lair:3   | Noticed a dire elephant
 19663 | Lair:4   | Reached skill level 10 in Dodging
 19663 | Lair:4   | Identified the +5 scale mail "Lioriq" {Str+3}
 20385 | Lair:5   | Entered Level 5 of the Lair of Beasts
 20721 | Lair:5   | Reached skill level 15 in Unarmed Combat
 20807 | Lair:5   | Reached skill level 1 in Necromancy
 20860 | Lair:5   | Reached XP level 14. HP: 106/124 MP: 15/20
 20983 | Lair:5   | Found a staircase to the Slime Pits.
 21072 | Lair:5   | Reached skill level 1 in Translocations
 21816 | Lair:5   | Reached skill level 5 in Spellcasting
 21816 | Lair:5   | Reached skill level 5 in Air Magic
 22611 | Lair:5   | Reached skill level 5 in Necromancy
 23178 | Lair:5   | Found a corrupted altar of Lugonu.
 23178 | Lair:5   | Found a one-way gate to the infinite horrors of the Abyss.
 23198 | Lair:5   | Learned a level 3 spell: Ignite Poison
 23207 | Lair:5   | Got the Guidebook on Envenoming and Sculpting
 23640 | Orc:1    | Entered Level 1 of the Orcish Mines
 23726 | Orc:2    | Entered Level 2 of the Orcish Mines
 24132 | Orc:2    | Found a staircase to the Elven Halls.
 24166 | Orc:2    | Found Onucor's Book Boutique.
 24166 | Orc:2    | Found Luruk's Armour Emporium.
 24178 | Orc:2    | Reached XP level 15. HP: 117/129 MP: 10/24
 24207 | Orc:2    | Found Wotzebor's Assorted Antiques.
 24207 | Orc:2    | Found Fenyukuan's Weapon Shop.
 24278 | Orc:2    | Bought a scroll of revelation for 232 gold pieces
 24750 | Orc:1    | Noticed Snorg
 24800 | Orc:1    | Killed Snorg
 25489 | D:12     | Reached skill level 10 in Necromancy
 25572 | D:12     | Found a shadowy altar of Dithmenos.
 26316 | D:13     | Noticed Erolcha
 26320 | D:13     | Killed Erolcha
 26463 | D:13     | Found a runed translucent gate.
 26464 | D:13     | Found a runed translucent gate.
 26464 | D:13     | Found a runed translucent gate.
 26464 | D:13     | Noticed Bimocov's ghost (journeyman DgFi)
 26465 | D:13     | Found an ancient bone altar of Kikubaaqudgha.
 26465 | D:13     | Noticed a lich
 26465 | D:13     | Noticed jejorda2's ghost (journeyman GnBe)
 26465 | D:13     | Noticed a lich
 26465 | D:13     | Noticed a lich
 26819 | D:13     | Found a gate to the Vaults.
 28646 | D:14     | Identified the +2 shortbow "Ykhim" {drain, rPois Will+ MP-9
                  | Int+3}
 29274 | D:14     | Found the +5 Storm Queen's Shield {shock, Fly rElec}
 29554 | D:14     | Identified a scroll of acquirement
 29556 | D:14     | Acquired the +2 hat of Fedhas's Hope {rPois Dex+3 Stlth-}
 29702 | D:14     | Found a portal to a secret trove of treasure.
 29798 | D:15     | Entered Level 15 of the Dungeon
 29798 | D:15     | Found a bloodstained altar of Trog.
 30374 | D:15     | Found a staircase to the Depths.
 30958 | Snake:1  | Entered Level 1 of the Snake Pit
 31173 | Snake:1  | Acquired the ring "Folah" {Will+ Str+5 Dex+2 Slay+3}
 31330 | Snake:1  | Reached XP level 16. HP: 138/138 MP: 25/25
 31685 | Snake:1  | Reached skill level 1 in Shields
 32062 | Snake:1  | Learned a level 5 spell: Alistair's Intoxication
 32557 | Snake:2  | You are sucked into a shaft and drop 1 floor!
 32997 | Snake:2  | Reached skill level 5 in Shields
 33332 | Snake:2  | Reached skill level 1 in Evocations
 34544 | Snake:3  | Found Qetadomycu's Book Emporium.
 34545 | Snake:3  | Found Reoxyc's Jewellery Boutique.
 34545 | Snake:3  | Found Oliuxt's Jewellery Boutique.
 34555 | Snake:3  | Bought the amulet of Wu Jian's Fury {Reflect Int+2 SH+5
                  | SInv Stlth+} for 626 gold pieces
 34570 | Snake:3  | Bought a granite talisman for 1520 gold pieces
 34579 | Snake:3  | Bought a Necronomicon for 594 gold pieces
 34844 | Snake:4  | Entered Level 4 of the Snake Pit
 35188 | Snake:4  | Found a burning altar of Makhleb.
 35210 | Snake:4  | Found a frozen archway.
 35219 | Snake:4  | Reached skill level 10 in Shapeshifting
 35239 | IceCv    | Entered an ice cave
 36276 | IceCv    | Found a viscous altar of Jiyva.
 36563 | IceCv    | Identified the +2 robe of Prudence {*Slow rN+ MP+9 Dex+2}
 36786 | Snake:4  | Reached XP level 17. HP: 78/145 MP: 24/26
 37452 | Snake:4  | Noticed Vashnia
 37464 | Snake:4  | Killed Vashnia
 37492 | Snake:4  | Killed from afar by a nagaraja

Illustrated notes

Levels and vault maps discovered:
D:1:      scummos_arrival_hexagon, layout_basic, st_stairs_7
D:2:      layout_loops_ring, serial_shops, shop, uniq_terence
D:3:      layout_loops_ring
D:4:      layout_basic, uniq_natasha, uniq_blork_the_orc
D:5:      layout_basic, nicolae_overflow_squiral, minmay_temple_entry_fiery
D:6:      minmay_clustersquares, layout_loops_ring,
          mainiacjoe_overflow_concentric_impassable, kennysheep_vampire_church
D:7:      layout_gridville, nicolae_sextant
D:8:      layout_basic, mainiacjoe_overflow_alcove_3
D:9:      layout_small_grid, hiddenorc2_lemuel, serial_shops, shop, uniq_harold
D:10:     layout_long_grid, grunt_temple_overflow_holy_war,
          nicolae_vehumet_altar_sigil
D:11:     layout_rooms, dpeg_oklobed_lair
D:12:     layout_cave_pools, minmay_misc_feat_plants,
          nicolae_dithmenos_through_a_glass_darkly
D:13:     layout_basic, david_vaults_5, gammafunk_ghost_crypt, uniq_erolcha
D:14:     minmay_the_grid_triangle_9x9_rhombus_thin
          [minmay_the_grid_triangle_9x9_skeleton,
          minmay_the_grid_triangle_9x9_prize_schism,
          minmay_the_grid_triangle_9x9_from_above,
          minmay_the_grid_triangle_9x9_minimal], layout_basic,
          nicolae_figureground_pulse, enter_trove_0
D:15:     gammafunk_depths_entry_grave, layout_rooms, hangedman_decor_points,
          ebering_ghost_funeral_grove, serial_bayou_pond_d,
          hangedman_abyss_or_decor_lesser_grid, chequers_serial_rivers_micro_a,
          bloody_trog
Temple:   jpeg_temple_clearing
Lair:1:   layout_hall_layers, uniq_gastronok
Lair:2:   layout_cave_pods
Lair:3:   lemuel_slime, layout_regular_city, nicolae_shoals_entry_roost,
          minmay_snake_entry_six_corridors, nicolae_lair_lakeside_cave
Lair:4:   layout_cave_pods, nicolae_quartered_pool_little,
          minmay_lair_oklob_items, lemuel_fruit_tree
Lair:5:   hellmonk_lair_end_abyssal_woods, layout_loops_ring,
          minmay_slime_entry_eyes, st_stairs_10, cheibrodos_lair_lostbears,
          grunt_megastairs_1, serial_bayou_shore_a
Snake:1:  layout_honeycomb
Snake:2:  layout_onion, drop_trap
Snake:3:  layout_grid_maze, special_room, minmay_shop_grove,
          serial_bayou_shore_b
Snake:4:  johnstein_snake_rune_scales, layout_onion, basic_altar,
          portal_ice_cave_entry_frozen_things, grunt_megastairs_5
Orc:1:    layout_caves, basic_altar, minmay_orc_temple_b, uniq_snorg
Orc:2:    st_orc_ogre_mass, layout_caves, basic_altar

Skill      XL: |  1  2  3  4  5  6  7  8  9 10 11 12 13 14 15 16 17 |
---------------+----------------------------------------------------+-----
Spellcasting   | 3 4 6 |  6.4
Poison Magic   | 4 5 6 7 8 |  8.1
Air Magic      | 1 2 5 |  5.0
Fighting       | 2 3 7 9 11 | 11.6
Shapeshifting  | 3 6 9 11 12 | 12.3
Unarmed Combat | 10 12 13 15 | 15.3
Dodging        | 2 5 8 10 | 10.4
Necromancy     | 2 6 12 | 12.7
Translocations | 3 |  3.6
Transmutations | 4 |  4.0
Stealth        | 3 |  3.1
Shields        | 6 |  6.6
Evocations     | 2 |  2.5

Action                     |  1- 3 |  4- 6 |  7- 9 | 10-12 | 13-15 | 16-18 || total
---------------------------+-------+-------+-------+-------+-------+-------++-------
  Melee: Spear             |    48 |   109 |    22 |       |       |       ||   179
         Tailslap          |     5 |    13 |    27 |       |       |   115 ||   160
         Punch             |       |     3 |     1 |       |       |       ||     4
         Trident           |       |       |   101 |       |       |       ||   101
         Quarterstaff      |       |       |    30 |       |       |       ||    30
         Flail             |       |       |    36 |       |       |       ||    36
         Unarmed           |       |       |       |   400 |   823 |   551 ||  1774
         Constrict         |       |       |       |    79 |   156 |     2 ||   237
   Cast: Sting             |    32 |    49 |     3 |       |       |       ||    84
         Poisonous Vapours |       |    38 |     2 |     7 |     6 |       ||    53
         Mephitic Cloud    |       |     3 |       |     9 |    13 |     1 ||    26
         Olgreb's Toxic Ra |       |       |    30 |    40 |    70 |       ||   140
         Ignite Poison     |       |       |       |       |    19 |       ||    19
         Vhi's Electric Ch |       |       |       |       |     3 |     1 ||     4
         Death Channel     |       |       |       |       |     1 |    21 ||    22
 Invoke: Potion Petition   |       |       |       |       |       |     4 ||     4
Ability: Breathe Steam     |       |       |    13 |       |       |     7 ||    20
  Evoke: Wand              |       |       |       |       |     7 |       ||     7
         Phantom mirror    |       |       |       |       |     1 |     1 ||     2
    Use: Scroll            |       |       |     9 |    11 |     7 |     9 ||    36
         Potion            |       |       |     3 |     8 |     5 |     8 ||    24
   Stab: Sleeping          |     2 |       |     1 |     1 |     5 |     2 ||    11
         Confused          |       |     1 |       |     6 |    12 |       ||    19
         Distracted        |       |       |     1 |     5 |     9 |     7 ||    22
         Invisible         |       |       |       |       |    11 |       ||    11
 Armour: Skin              |     6 |    37 |   101 |   117 |   205 |   124 ||   590
  Dodge: Dodged            |    32 |    64 |   173 |   214 |   525 |   226 ||  1234
  Block: Kite shield       |       |       |       |       |       |   454 ||   454
         Reflection        |       |       |       |       |       |    17 ||    17
   Form: Anaconda          |       |       |       |     2 |     3 |       ||     5
                           |       |       |       |     1 |     3 |     1 ||     5

Table legend: (Time is in decaauts)
 A = Elapsed time spent in this place.
 B = Non-inter-level travel time spent in this place.
 C = Inter-level travel time spent in this place.
 D = Time resting spent in this place.
 E = Time spent auto-exploring this place.
 F = Levels seen in this place.
 G = Mean time per level.
                   A        B        C        D        E       F      G
               +--------+--------+--------+--------+--------+-----+--------+
         Total |  37279 |  35454 |   1825 |   7800 |  20311 |  28 | 1331.4 |
       Dungeon |  19372 |  18068 |   1304 |   3351 |  11627 |  15 | 1291.5 |
        Temple |     22 |      2 |     20 |      0 |      0 |   1 |   22.0 |
          Lair |   9972 |   9620 |    352 |   2574 |   4985 |   5 | 1994.4 |
     Snake Pit |   5088 |   5009 |     79 |   1497 |   2174 |   4 | 1272.0 |
  Orcish Mines |   1457 |   1389 |     68 |     28 |   1020 |   2 |  728.5 |
      Ice Cave |   1365 |   1365 |      0 |    348 |    505 |   1 | 1365.0 |
               +--------+--------+--------+--------+--------+-----+--------+

Top non-repeatable levels by time:
    D:14: 3087 daAuts
  Lair:4: 2525 daAuts
  Lair:5: 2519 daAuts
  Lair:3: 2376 daAuts
     D:4: 1934 daAuts
    D:13: 1816 daAuts
     D:6: 1815 daAuts
  Lair:2: 1793 daAuts
 Snake:3: 1758 daAuts
 Snake:1: 1556 daAuts
     D:5: 1472 daAuts
     D:8: 1383 daAuts
   IceCv: 1365 daAuts
    D:10: 1313 daAuts
     D:9: 1285 daAuts
